 Dungeon Crawl Stone Soup version 0.28.0 (webtiles) character file.

Game seed: 1433734955637106065

485224 RepHenryClay the Impregnable (level 22, -1/196 HPs)
             Began as a Demigod Wanderer on Feb 11, 2022.
             Slain by a titan (5 damage)
             ... on level 5 of the Vaults on Feb 12, 2022.
             The game lasted 02:46:09 (76104 turns).

RepHenryClay the Impregnable (Demigod Wanderer)    Turns: 76104, Time: 02:46:11

Health: -1/196     AC: 45    Str: 29 (30) XL:     22   Next: 71%
Magic:  29/29      EV: 18    Int: 12      God:
Gold:   2127       SH: 20    Dex: 24      Spells: 23/24 levels left

rFire   + + .      SeeInvis +   k - +8 morningstar of Breach {vorpal, Str+4 Int+2 Stlth-}
rCold   + + .      Faith    .   a - +0 kite shield {rF+}
rNeg    + . .      Spirit   .   L - +0 gold dragon scales
rPois   +          Reflect  +   g - +2 hat {Will+}
rElec   +          Harm     .   E - +1 cloak {rC+}
rCorr   +          Rampage  ∞   d - +2 pair of gloves
Will    +++++                   X - +3 pair of seven-league boots {Rampage+∞}
Stlth   ..........              Z - amulet of reflection
HPRegen 0.42/turn               P - ring "Zexanud" {Fly rPois rN+ Dex-3 SInv}
MPRegen 0.21/turn               O - ring of Giep Hutt {rElec Will++ rCorr AC+4 Str-5}

@: flying, studying Shields, unable to read
A: high MP 1, forlorn, divine attributes, horns 1, iridescent scales 1,
deterioration 2, inability to read while threatened
}: 2/15 runes: decaying, serpentine
a: no special abilities


You were on level 5 of the Vaults.
You visited 8 branches of the dungeon, and saw 43 of its levels.
You visited the Abyss 1 time.
You visited 1 bazaar.
You also visited: Ice Cave.

You collected 5184 gold pieces.
You spent 3057 gold pieces at shops.

Inventory:

Hand Weapons
 k - the +8 morningstar of Breach (weapon) {vorpal, Str+4 Int+2 Stlth-}
   (You bought it in a shop on level 1 of the Snake Pit)

   It inflicts extra damage upon your enemies.
   Str:       It affects your strength (+4).
   Int:       It affects your intelligence (+2).
   Stlth:     It makes you less stealthy.
Missiles
 C - 4 boomerangs of dispersal
 H - 11 javelins (quivered)
 I - 2 curare-tipped darts
 K - 2 throwing nets
Armour
 a - a +0 kite shield of fire resistance (worn)
 d - a +2 pair of gloves (worn)
 g - a +2 hat of willpower (worn)
 j - the +10 plate armour "Fetiot" {Regen+ Str-3 Stlth+}
   (You bought it in a shop in a bazaar)

   Str:       It affects your strength (-3).
   Regen:     It increases your rate of health regeneration.
   Stlth:     It makes you more stealthy.
 l - the +5 cloak of Dramatic Exits {rElec rN+++ Str+9 Int-3 Slay-3}
   (You bought it in a shop on level 1 of the Depths)

   Str:       It affects your strength (+9).
   Int:       It affects your intelligence (-3).
   Slay:      It affects your accuracy & damage with ranged weapons and melee
   (-3).
   rElec:     It insulates you from electricity.
   rN:        It renders you almost immune to negative energy.
 E - a +1 cloak of cold resistance (worn)
 L - +0 gold dragon scales (worn)
 X - the +3 pair of seven-league boots (worn) {Rampage+∞}
   (You found it on level 3 of the Elven Halls)

   Its wearer moves as far as possible in that direction when moving towards
   enemies.
Jewellery
 c - a ring of protection from cold
 n - the ring "Gimil" {rC+ Int+6 Dex+2}
   (You found it on level 4 of the Vaults)

   [ring of intelligence]

   Int:       It affects your intelligence (+6).
   Dex:       It affects your dexterity (+2).
   rC:        It protects you from cold.
 o - a ring of protection from fire
 A - an amulet of regeneration
 O - the ring of Giep Hutt (right hand) {rElec Will++ rCorr AC+4 Str-5}
   (You bought it in a shop on level 3 of the Vaults)

   [ring of protection]

   AC:        It affects your AC (+4).
   Str:       It affects your strength (-5).
   rElec:     It insulates you from electricity.
   rCorr:     It protects you from acid and corrosion.
   Will:      It greatly increases your willpower.
 P - the ring "Zexanud" (left hand) {Fly rPois rN+ Dex-3 SInv}
   (You bought it in a shop on level 1 of the Snake Pit)

   [ring of see invisible]

   Dex:       It affects your dexterity (-3).
   rPois:     It protects you from poison.
   rN:        It protects you from negative energy.
   SInv:      It lets you see invisible.
   Fly:       It grants you flight.
 Q - a ring of positive energy
 T - a +6 ring of strength
 Z - an amulet of reflection (around neck)
Wands
 i - a wand of paralysis (6)
 x - a wand of digging (13)
 y - a wand of iceblast (26)
 N - a wand of mindburst (24)
 V - a wand of charming (4)
Scrolls
 f - 2 scrolls of fear
 q - 20 scrolls of identify {@r1}
 r - 4 scrolls of blinking
 t - 2 scrolls of magic mapping
 u - 8 scrolls of enchant weapon
 w - 5 scrolls of fog
 B - 7 scrolls of enchant armour
 D - 8 scrolls of teleportation
 W - a scroll of summoning
Potions
 e - 16 potions of curing
 p - 2 potions of heal wounds
 s - 5 potions of mutation
 z - 2 potions of cancellation
 F - 2 potions of haste
 R - 3 potions of flight
 S - a potion of resistance
 U - 5 potions of magic
 Y - a potion of berserk rage
Miscellaneous
 m - a condenser vane (inert)
 J - a lightning rod (inert)


   Skills:
 + Level 16.4 Fighting
 - Level 16.0 Maces & Flails
 - Level 4.7 Throwing
 + Level 23.6 Armour
 + Level 17.4 Dodging
 - Level 1.0 Stealth
 - Level 15.0 Shields
 - Level 1.7 Spellcasting
 - Level 1.0 Ice Magic
 + Level 9.7 Evocations


You had 23 spell levels left.
You knew the following spells:

 Your Spells              Type           Power      Damage    Failure   Level
a - Freeze                Ice            12%        1d4       94%         1

Your spell library contained the following spells:

 Spells                   Type           Power      Damage    Failure   Level
 Animate Skeleton         Necr           2%         N/A       98%         1
 Apportation              Tloc           2%         N/A       98%         1
 Beastly Appendage        Tmut           2%         N/A       98%         1
 Foxfire                  Conj/Fire      4%         2x1d4     98%         1
 Magic Dart               Conj           4%         1d3       98%         1
 Sandblast                Erth           2%         2d4       98%         1
 Sting                    Tmut/Pois      4%         1d3       98%         1
 Summon Small Mammal      Summ           4%         N/A       98%         1
 Corpse Rot               Necr/Air       2%         N/A       99%         2
 Ensorcelled Hibernation  Hex/Ice        4%         N/A       99%         2
 Passwall                 Tmut/Erth      0%         N/A       99%         2
 Poisonous Vapours        Pois/Air       2%         N/A       99%         2
 Searing Ray              Conj           2%         2d4       99%         2
 Static Discharge         Conj/Air       1%         N/A       99%         2
 Sublimation of Blood     Necr           1%         N/A       99%         2
 Wereblood                Tmut           1%         N/A       99%         2
 Confusing Touch          Hex            1%         N/A       100%        3
 Conjure Flame            Conj/Fire      1%         6-21      100%        3
 Dazzling Flash           Conj/Hex       2%         N/A       100%        3
 Gell's Gravitas          Tloc           1%         N/A       100%        3
 Ignite Poison            Fire/Tmut/Pois 1%         N/A       100%        3
 Inner Flame              Hex/Fire       1%         N/A       100%        3
 Lesser Beckoning         Tloc           1%         N/A       100%        3
 Mephitic Cloud           Conj/Pois/Air  1%         N/A       100%        3
 Ozocubu's Armour         Ice            3%         N/A       100%        3
 Portal Projectile        Hex/Tloc       2%         N/A       100%        3
 Spider Form              Tmut/Pois      1%         N/A       100%        3
 Stone Arrow              Conj/Erth      2%         3d7       100%        3
 Swiftness                Air            1%         N/A       100%        3
 Teleport Other           Tloc           1%         N/A       100%        3
 Animate Armour           Summ/Erth      2%         N/A       100%        4
 Cause Fear               Hex            0%         N/A       100%        4
 Dispel Undead            Necr           1%         3d6       100%        4
 Flame Wave               Conj/Fire      1%         2d4       100%        4
 Fulminant Prism          Conj/Hex       0%         3d6       100%        4
 Hailstorm                Conj/Ice       2%         3d3       100%        4
 Ice Form                 Ice/Tmut       2%         N/A       100%        4
 Leda's Liquefaction      Hex/Erth       0%         N/A       100%        4
 Olgreb's Toxic Radiance  Pois           1%         N/A       100%        4
 Petrify                  Tmut/Erth      1%         N/A       100%        4
 Sticky Flame             Conj/Fire      1%         2d3       100%        4
 Agony                    Necr           1%         N/A       100%        5
 Blade Hands              Tmut           0%         N/A       100%        5
 Borgnjor's Vile Clutch   Necr/Erth      0%         N/A       100%        5
 Irradiate                Conj/Tmut      0%         3d13      100%        5
 Lee's Rapid Deconstruct  Erth           0%         3d5*      100%        5
 Silence                  Hex/Air        0%         N/A       100%        5
 Yara's Violent Unravell  Hex/Tmut       0%         3d3       100%        5
 Dispersal                Tloc           0%         N/A       100%        6
 Iron Shot                Conj/Erth      0%         9d1       100%        6
 Simulacrum               Ice/Necr       1%         N/A       100%        6
 Statue Form              Tmut/Erth      0%         N/A       100%        6
 Dragon Form              Tmut           0%         N/A       100%        7
 Enfeeble                 Hex            0%         N/A       100%        7
 Ozocubu's Refrigeration  Ice            1%         4d5       100%        7
 Discord                  Hex            0%         N/A       100%        8
 Ignition                 Fire           0%         3d3       100%        8
 Lehudib's Crystal Spear  Conj/Erth      0%         10d2      100%        8
 Death's Door             Necr           0%         N/A       100%        9
 Dragon's Call            Summ           0%         N/A       100%        9
 Fire Storm               Conj/Fire      0%         6d1       100%        9


Dungeon Overview and Level Annotations

Branches:
Dungeon (15/15)            Temple (0/1) D:6            Lair (6/6) D:11
  Swamp (4/4) Lair:3        Snake (4/4) Lair:3        Slime (0/5) Lair:6
    Orc (2/2) D:10            Elf (3/3) Orc:2        Vaults (5/5) D:14
  Crypt (0/3) Vaults:2     Depths (4/4) D:15            Zot (0/5) Depths:4
  IceCv (visited)

Shops:
D:10 ([   Orc:2 :!((   Elf:1 :   Elf:2 *   Snake:1 *:=   Snake:3 (   Vaults:3 =
Vaults:4 [   Depths:1 !**(*   Depths:2 :

Portals:
Hell: Depths:1 Depths:2 Depths:3 Depths:4
Abyss: Orc:2 Depths:1 Depths:2 Depths:3
Pandemonium: Depths:2 Depths:4
Ziggurat: Depths:3

Annotations:
D:9 2 transporters, Lambsauce's ghost, novice MiFi
Vaults:4 6 runed translucent doors


Innate Abilities, Weirdness & Mutations

You have an increased reservoir of magic. (+10% MP)
You shall have no god before yourself.
Your divine heritage dramatically boosts your attributes as you level up.
You have a pair of small horns on your head.
You are partially covered in iridescent scales. (AC +2)
Your body often deteriorates upon taking damage.
You sometimes lose the ability to read scrolls when taking damage.


Message History

You cannot read scrolls in your current state!
Unknown command.
Unknown command.
Okay, then.
Unknown command.
Okay, then.
Aiming: Mindburst
Press: ? - help, Shift-Dir - straight line, f - titan
Aim: a titan (moderately wounded, chance to affect: 0%)
Okay, then.
Unknown command.
Unknown command.
Unknown command.
You barely miss the titan. You headbutt the titan.
The titan is moderately wounded.
The titan hits you!!
* * * LOW HITPOINT WARNING * * *
Huge Dmg: -10%(-19hp) hp: 18%(34hp)
You impale the titan!!
The titan is severely wounded.
You block the titan's attack.
You barely miss the titan.
The titan is severely wounded.
The titan mumbles some strange words.
The titan is healed somewhat.
You thump the titan! You headbutt the titan.
The titan is severely wounded.
You block the titan's attack.
You hit the titan but do no damage.
The titan is severely wounded.
You hit the titan.
The titan is severely wounded.
The titan waves its arms in wide circles.
The air twists around and strikes you!!
* * * LOW HITPOINT WARNING * * *
Huge Dmg: -16%(-32hp) hp: 3%(4hp)
You hit the titan but do no damage. You headbutt the titan.
The titan is severely wounded.
The titan hits you.
You die...

#..#..C......,,,,,,....D..#,,*,
#..#.p.......,,,,,,,......*,,*,
#.(#C)###############..#,,*,,*,
#..#...................#,,*,,*,
#..#.).C.).............#,,*,,*,
#..#.)#..############..#,,*,,*,
#..#..#p)#.)#[....((#..#,,*,,*,
#..#..#.C#.CC)..)(.?#..#,,*,,*,
#..#..#..#.C#@.)=}.)#..#,,*,,*,
#..#..#..#.)#########..#,,*,,*,
#..#..#..#.........,....,,*,,*,
#..#..#.C#)C.......,,...,,*,,*,
#..#..#..#..#######*****,,*,,*,
#..#..#.)C)[.......,,,,,,,,,,*,
#..#..#............,,,,,,,,,,*,
#..#..#..##########********,,*,
#..#...........,,,,,,,,,,,,,,*,


You could see a titan and a frost giant (strong).

Vanquished Creatures
  A dread lich (Vaults:5)
  Sojobo (Vaults:3)
  Bai Suzhen (D:15)
  the Lernaean hydra (Swamp:4)
  Vashnia (Snake:2)
  The ghost of heteroy the Petrodigitator, a veteran GrEE of Vehumet (Vaults:4)
  Nikola (Swamp:1)
  Jory (Vaults:2)
  3 golden dragons
  A bone dragon (Abyss:3)
  Rupert (Lair:4)
  6 tentacled monstrosities
  Asterion (Depths:2)
  Jorgrun (Orc:2)
  A walking earthen tome (Depths:3)
  Mlioglotl (Swamp:3)
  2 deep elf master archers (Elf:3)
  2 titans
  2 liches
  4 quicksilver dragons
  2 deep elf blademasters (Elf:3)
  A walking frostbound tome (Depths:3)
  An ancient champion (Vaults:2)
  A walking divine tome (Depths:3)
  4 sphinxes
  7 storm dragons
  Gastronok (D:8)
  Kirke (D:15)
  The ghost of Silenth the Unseen, an adept KoHu of Okawaru (Swamp:2)
  2 thorn hunters
  9 tengu reavers
  A shadow dragon (Depths:3)
  4 nagarajas
  A draconian monk (Depths:4)
  3 deep elf sorcerers
  14 frost giants
  A cacodemon (Depths:2)
  A draconian scorcher (Depths:4)
  9 fire giants
  2 orc warlords
  An iron dragon (Depths:3)
  6 deep elf elementalists (Elf:3)
  23 vault wardens
  A draconian shifter (Depths:4)
  A reaper (Depths:4)
  12 ironbound preservers
  Aizul (Snake:2)
  2 ghouls (Swamp:2)
  38 very ugly things
  3 war gargoyles
  A caustic shrike skeleton (Depths:1)
  A green draconian (Depths:4)
  15 stone giants
  9 ironbound thunderhulks
  2 eleionomae
  Azrael (D:14)
  Nessos (D:15)
  3 vampire knights
  A black draconian (Depths:4)
  4 deep elf demonologists (Elf:3)
  A yellow draconian (Depths:4)
  8 dire elephants
  A purple draconian (Depths:4)
  4 bunyips
  2 entropy weavers
  3 spark wasps
  3 white draconians
  2 deep elf annihilators (Elf:3)
  6 deep elf death magi
  7 ettins
  2 crystal guardians
  4 deep elf high priests
  11 fire dragons
  A shambling mangrove (Swamp:4)
  12 yaktaur captains
  11 great orbs of eyes
  7 boulder beetles
  3 peacekeepers
  15 naga warriors
  8 ice dragons
  A salamander tyrant (Snake:4)
  16 vault guards
  2 rakshasas
  10 ironbound frosthearts
  4 ghost crabs
  2 spriggan air magi
  17 hydras
  A death knight (D:10)
  6 centaur warriors
  2 ogre magi
  8 anacondas
  26 dancing weapons
  15 alligators
  7 death yaks
  10 deep troll shamans
  8 tengu warriors
  8 two-headed ogres
  Erica (Lair:1)
  12 deep troll earth magi
  4 vampire magi
  25 naga sharpshooters
  A thrashing horror (Abyss:3)
  4 orc high priests
  5 spriggan berserkers
  Nergalle (Lair:4)
  20 hell knights
  10 shock serpents
  20 deep elf knights
  A sun demon (Depths:2)
  4 skeletal warriors
  A goliath frog (shapeshifter) (Vaults:1)
  A wretched star (Abyss:3)
  A fire crab (shapeshifter) (Vaults:5)
  A sixfirhy (Abyss:3)
  A spatial maelstrom (Abyss:3)
  10 goliath frogs
  A spriggan druid (Swamp:4)
  A golden dragon zombie (Depths:1)
  48 deep trolls
  6 wizards
  9 iron trolls
  6 naga ritualists
  3 glowing orange brains
  An orange crystal statue (IceCv)
  4 flayed ghosts
  14 swamp dragons
  5 bog bodies
  10 deep elf archers
  A harpy (shapeshifter) (Elf:3)
  2 lindwurms
  9 ironbound convokers
  3 phantasmal warriors
  6 necromancers
  30 deep elf zephyrmancers
  14 mana vipers
  6 orc knights
  7 orc sorcerers
  51 ugly things
  4 manticores
  33 deep elf pyromancers
  A worldbinder (Vaults:2)
  5 salamanders
  7 cyclopes
  14 elephants
  2 fauns (shapeshifter)
  3 large abominations
  3 will-o-the-wisps
  Maurice (D:8)
  2 rust devils
  15 naga magi
  7 guardian serpents
  27 black mambas
  22 vault sentinels
  A water nymph (shapeshifter) (Vaults:3)
  2 smoke demons
  3 torpor snails
  10 cane toads
  An orange demon (Depths:2)
  8 komodo dragons
  An unseen horror (D:10)
  18 rime drakes
  44 yaktaurs
  An ice devil (Depths:4)
  2 freezing wraiths
  A yaktaur (shapeshifter) (Vaults:5)
  A yaktaur skeleton (Vaults:2)
  An ancient zyme (Abyss:3)
  A red devil (Depths:4)
  3 tengu conjurers
  A hellwing (Depths:4)
  8 trolls
  A meliai (shapeshifter) (D:11)
  A shadow dragon simulacrum (Depths:1)
  2 meliai (D:14)
  14 hornets
  19 polar bears
  13 blink frogs
  Grinder (D:6)
  9 tyrant leeches
  A dream sheep (shapeshifter) (Vaults:4)
  A dream sheep (Lair:6)
  29 slime creatures
  An ettin zombie (Vaults:2)
  A raiju (shapeshifter) (D:13)
  A fire giant simulacrum (Depths:1)
  4 raiju (Abyss:3)
  2 air elementals (Elf:2)
  4 starcursed masses (Abyss:3)
  Sigmund (D:5)
  2 water elementals
  24 spriggans
  6 ynoxinuls
  2 shadows
  36 yaks
  2 wraiths
  2 vampires
  5 wyverns
  2 small abominations
  6 basilisks
  7 humans (D:14)
  Eustachio (D:6)
  A golden eye (Abyss:3)
  5 fire elementals
  2 hogs (D:15)
  A neqoxec (Depths:4)
  A chaos spawn (Abyss:3)
  2 redbacks (Vaults:1)
  3 steam dragons
  12 vampire mosquitoes
  Menkaure (D:5)
  A spatial vortex (Abyss:3)
  Edmund (D:5)
  40 nagas
  3 wargs
  4 hell hounds
  16 swamp worms
  An acid dragon (D:12)
  18 water moccasins
  A floating eye (Depths:2)
  29 orc warriors
  A sky beast (D:5)
  11 swamp drakes
  2 necrophages
  12 ogres
  An ice beast (D:6)
  5 black bears
  33 wolves
  4 boggarts (Lair:6)
  4 centaurs
  A phantom (D:5)
  Blork the orc (D:5)
  7 kobold brigands (D:10)
  2 human zombies (Vaults:2)
  4 elf zombies (Elf:1)
  6 bullfrogs
  5 scorpions
  A gnoll sergeant (D:10)
  An earth elemental (Elf:2)
  A water moccasin skeleton (D:5)
  7 killer bees
  20 wights
  6 centaur zombies
  5 howler monkeys
  2 jellies (D:3)
  A gnoll shaman (D:5)
  A centaur skeleton (D:7)
  13 orc priests
  A bullfrog skeleton (D:4)
  Jessica (D:2)
  Natasha (thrice) (D:3)
  27 orc wizards
  A killer bee zombie (D:8)
  A howler monkey zombie (D:3)
  8 adders
  15 gnolls
  A shadow imp (D:7)
  A white imp (D:6)
  An ufetubus (D:4)
  2 worms
  A dart slug (D:1)
  51 orcs
  7 ball pythons
  4 bats
  10 endoplasms
  4 giant cockroaches
  5 goblins
  5 hobgoblins
  2 quokkas (D:4)
  3 frilled lizards
  21 kobolds
  7 rats
  A briar patch (Swamp:1)
1774 creatures vanquished.

Vanquished Creatures (collateral kills)
  Donald (Snake:1)
1 creature vanquished.

Vanquished Creatures (others)
  A nagaraja (Snake:4)
  A salamander tyrant (Snake:4)
  2 deep elf knights
  A goliath frog (Swamp:2)
  3 deep elf zephyrmancers
  A meliai (D:14)
  2 bloated husks
  A hornet (Swamp:4)
  A tyrant leech (Swamp:4)
  3 humans (D:15)
  A swamp worm (Swamp:2)
  An orc (D:8)
  A bat (D:1)
  3 bushes
  8 foxfires
  69 fungi
  A lurking horror (Orc:2)
  104 plants
  9 toadstools (D:3)
213 creatures vanquished.

Grand Total: 1988 creatures vanquished

Notes
Turn   | Place    | Note
-------+----------+-------------------------------------------
     0 | D:1      | RepHenryClay the Demigod Wanderer began the quest for the
                  | Orb.
     0 | D:1      | RepHenryClay set off with the following items: a +2 dagger,
                  | 3 curare-tipped darts, a +0 helmet, a +0 leather armour;
                  | and the following spell memorised: Freeze; and the
                  | following spells available to memorise: Ozocubu's Armour
     0 | D:1      | Reached XP level 1. HP: 14/14 MP: 5/5
   521 | D:1      | Reached XP level 2. HP: 10/20 MP: 7/7
   855 | D:1      | Reached skill level 1 in Maces & Flails
  1276 | D:2      | Noticed Jessica
  1289 | D:2      | Killed Jessica
  1290 | D:2      | Reached skill level 1 in Dodging
  1290 | D:2      | Reached XP level 3. HP: 26/26 MP: 8/8
  1951 | D:3      | Reached XP level 4. HP: 16/33 MP: 9/9
  2181 | D:3      | Noticed Natasha
  2195 | D:3      | Killed Natasha
  2196 | D:3      | Reached skill level 2 in Armour
  2400 | D:3      | Reached XP level 5. HP: 29/38 MP: 10/10
  2485 | D:3      | You fall into a shaft and drop 1 floor!
  2580 | D:3      | Noticed Natasha
  2591 | D:3      | Killed Natasha
  2722 | D:3      | Noticed Natasha
  2731 | D:3      | Killed Natasha
  3123 | D:3      | Reached XP level 6. HP: 37/45 MP: 11/11
  3505 | D:3      | Reached skill level 3 in Armour
  4184 | D:5      | Entered Level 5 of the Dungeon
  4220 | D:5      | Reached XP level 7. HP: 47/50 MP: 12/12
  4325 | D:5      | Reached skill level 5 in Maces & Flails
  4635 | D:5      | Noticed Blork the orc
  4647 | D:5      | Killed Blork the orc
  4648 | D:5      | Reached skill level 4 in Armour
  4799 | D:5      | Noticed Edmund
  4824 | D:5      | Killed Edmund
  5136 | D:5      | Noticed Sigmund
  5139 | D:5      | Killed Sigmund
  5260 | D:5      | Reached XP level 8. HP: 57/57 MP: 13/13
  5470 | D:6      | Found a staircase to the Ecumenical Temple.
  5518 | D:6      | Noticed Eustachio
  5536 | D:6      | Killed Eustachio
  5752 | D:6      | Noticed Grinder
  5854 | D:6      | Noticed Menkaure
  5911 | D:7      | Reached skill level 5 in Armour
  5911 | D:7      | Reached skill level 5 in Dodging
  7133 | D:8      | Noticed Gastronok
  7138 | D:8      | Noticed Maurice
  7648 | D:8      | Killed Gastronok
  7649 | D:8      | Reached skill level 6 in Armour
  7649 | D:8      | Reached XP level 9. HP: 62/62 MP: 14/14
  8307 | D:8      | Killed Maurice
  8535 | D:9      | Got the Almanac of Scorching Changing
  8762 | D:8      | Reached XP level 10. HP: 40/69 MP: 15/15
  9159 | D:9      | Reached skill level 7 in Armour
  9418 | D:9      | Found a transporter.
  9423 | D:9      | Found a transporter.
  9424 | D:9      | Noticed Lambsauce's ghost (novice MiFi)
  9442 | D:9      | Reached skill level 10 in Maces & Flails
  9970 | D:10     | Entered Level 10 of the Dungeon
  9970 | D:10     | Found Ponupiam's Antique Weapon Boutique.
 10162 | D:10     | Found Coshopeg's Antique Armour Shop.
 10165 | D:10     | Bought a spiked chain mail for 332 gold pieces
 10165 | D:10     | Identified the +0 chain mail of Inference {Harm rN+} (You
                  | bought it in a shop on level 10 of the Dungeon)
 10898 | D:10     | Noticed a two-headed ogre
 11510 | D:5      | Killed Menkaure
 11979 | D:6      | Killed Grinder
 12431 | D:10     | Reached skill level 8 in Armour
 12874 | D:10     | Killed a two-headed ogre
 12875 | D:10     | Reached XP level 11. HP: 74/74 MP: 17/17
 13520 | D:10     | Found a staircase to the Orcish Mines.
 13635 | D:10     | Noticed a two-headed ogre
 13647 | D:10     | Killed a two-headed ogre
 13983 | D:10     | Found a staircase to the Orcish Mines.
 14026 | D:10     | Found Coshopeg's Antique Armour Shop.
 14032 | D:10     | Found Ponupiam's Antique Weapon Boutique.
 14788 | D:11     | Reached skill level 1 in Fighting
 15260 | D:11     | Noticed a tengu warrior
 15262 | D:11     | Noticed a death knight
 15292 | D:11     | Killed a tengu warrior
 15764 | D:11     | Noticed a two-headed ogre
 15784 | D:11     | Killed a two-headed ogre
 15785 | D:11     | Reached skill level 5 in Fighting
 15906 | D:11     | Found a staircase to the Lair.
 16245 | D:11     | Noticed a tengu warrior
 16251 | D:11     | Noticed a tengu warrior
 16461 | D:10     | Killed a death knight
 16887 | D:11     | Identified the +1 robe of Fortification {rF+}
 17053 | D:11     | Killed a tengu warrior
 17066 | D:11     | Killed a tengu warrior
 17067 | D:11     | Reached XP level 12. HP: 33/95 MP: 18/18
 17411 | D:12     | Noticed an eight-headed hydra
 17782 | Lair:1   | Entered Level 1 of the Lair of Beasts
 17790 | Lair:1   | Reached skill level 1 in Shields
 18696 | Lair:1   | Reached skill level 5 in Shields
 18716 | Lair:2   | Noticed Erica
 18744 | Lair:1   | Killed Erica
 20112 | Lair:3   | Noticed a boulder beetle
 20121 | Lair:3   | Killed a boulder beetle
 20233 | Lair:3   | Found a staircase to the Snake Pit.
 20617 | Lair:3   | Found a staircase to the Swamp.
 20632 | Lair:3   | Reached skill level 9 in Armour
 20840 | Lair:3   | Noticed a four-headed hydra
 20914 | Lair:3   | Noticed a six-headed hydra
 20946 | Lair:3   | Killed a six-headed hydra
 21117 | Lair:3   | Killed a four-headed hydra
 21434 | Lair:4   | Noticed Rupert
 21473 | Lair:4   | Killed Rupert
 21474 | Lair:4   | Reached XP level 13. HP: 104/104 MP: 19/19
 21487 | Lair:4   | Noticed Nergalle
 21535 | Lair:4   | Killed Nergalle
 24034 | Lair:6   | Entered Level 6 of the Lair of Beasts
 24514 | Lair:6   | Reached skill level 10 in Armour
 24523 | Lair:6   | Reached skill level 10 in Dodging
 24892 | Lair:6   | Reached skill level 15 in Maces & Flails
 25623 | Lair:6   | Reached XP level 14. HP: 97/116 MP: 20/20
 25821 | Lair:6   | Found a staircase to the Slime Pits.
 27401 | Lair:6   | Identified the +2 triple sword "Feunung" {flame, rPois
                  | Dex+3}
 27687 | Orc:1    | Entered Level 1 of the Orcish Mines
 28122 | Orc:2    | Entered Level 2 of the Orcish Mines
 29383 | Orc:2    | Noticed Jorgrun
 29393 | Orc:2    | Found a one-way gate to the infinite horrors of the Abyss.
 29898 | D:12     | Reached skill level 11 in Armour
 32144 | D:13     | Identified the +9 hand axe of Balance {vorpal, rF+}
 32148 | D:13     | Identified the +2 hand axe "Zoaz" {vorpal, Stlth+}
 32279 | D:14     | Identified the +10 dire flail of Success {vamp, Str+3}
 32416 | D:14     | Found a frozen archway.
 32529 | IceCv    | Entered an ice cave
 32612 | IceCv    | Reached skill level 10 in Fighting
 32968 | IceCv    | Reached XP level 15. HP: 126/126 MP: 21/21
 33207 | IceCv    | Reached skill level 12 in Armour
 34274 | D:14     | Found a gate to the Vaults.
 34323 | D:15     | Entered Level 15 of the Dungeon
 34351 | D:15     | Noticed Azrael
 34372 | D:14     | Killed Azrael
 34777 | D:15     | Noticed Kirke
 34805 | D:15     | Killed Kirke
 35761 | D:15     | Noticed Nessos
 35777 | D:15     | Killed Nessos
 36229 | D:15     | Found a staircase to the Depths.
 36365 | D:15     | Noticed a fire giant
 36388 | D:15     | Killed a fire giant
 36389 | D:15     | Reached skill level 13 in Armour
 37301 | Orc:2    | Killed Jorgrun
 37460 | Orc:2    | Found a staircase to the Elven Halls.
 37646 | Orc:2    | Found Siuw's Antique Weapon Shop.
 37862 | Orc:2    | Found Gibefuaq's Distillery.
 37869 | Orc:2    | Found Onuelast's Book Shoppe.
 37871 | Orc:2    | Found Rigakh's Weapon Shop.
 38178 | Swamp:1  | Entered Level 1 of the Swamp
 38354 | Swamp:1  | Noticed a thorn hunter
 38374 | Swamp:1  | Noticed a tentacled monstrosity
 38721 | Swamp:1  | Noticed Nikola
 38745 | Swamp:1  | Killed Nikola
 38746 | Swamp:1  | Reached XP level 16. HP: 65/139 MP: 22/22
 39005 | Swamp:1  | Killed a tentacled monstrosity
 39656 | Swamp:2  | Found a runed translucent gate.
 39656 | Swamp:2  | Found a runed translucent gate.
 39662 | Swamp:2  | Found a runed translucent gate.
 39808 | Swamp:2  | Noticed Silenth's ghost (adept KoHu)
 41363 | Swamp:2  | Killed Silenth's ghost
 41620 | Swamp:3  | Reached skill level 14 in Armour
 42049 | Swamp:3  | Noticed Mlioglotl
 42064 | Swamp:3  | Noticed a bone dragon
 42065 | Swamp:3  | Killed Mlioglotl
 42431 | Swamp:4  | Entered Level 4 of the Swamp
 43303 | Swamp:4  | Noticed the 27-headed Lernaean hydra
 43325 | Swamp:4  | Killed the 27-headed Lernaean hydra
 43556 | Swamp:4  | Got a decaying rune of Zot
 43945 | Snake:1  | Entered Level 1 of the Snake Pit
 43994 | Snake:1  | Found Aqipeor's Assorted Antiques.
 44006 | Snake:1  | Reached XP level 17. HP: 111/150 MP: 23/23
 44102 | Snake:1  | Found Doleruw's Jewellery Shop.
 44105 | Snake:1  | Noticed Donald
 44122 | Snake:1  | Killed Donald
 44136 | Snake:1  | Found Uzus's Book Shop.
 44172 | Snake:1  | Found a flickering gateway to a bazaar.
 44190 | Bazaar   | Entered a bazaar
 44191 | Bazaar   | Found Golidgh's Antique Armour Boutique.
 44206 | Bazaar   | Found Ziobyseu's Antique Weapon Shoppe.
 44216 | Bazaar   | Found Caverutwyv's Assorted Antiques.
 44224 | Bazaar   | Bought a scroll labelled PYFECY PUAZA for 24 gold pieces
 44233 | Bazaar   | Found Volizi Tewea's Weapon Boutique.
 44275 | Bazaar   | Bought a jewelled plate armour for 560 gold pieces
 44275 | Bazaar   | Identified the +10 plate armour "Fetiot" {Regen+ Str-3
                  | Stlth+} (You bought it in a shop in a bazaar)
 44310 | Bazaar   | Bought a potion of heal wounds for 120 gold pieces
 44427 | Snake:1  | Bought a dazzling morningstar for 207 gold pieces
 44427 | Snake:1  | Identified the +8 morningstar of Breach {vorpal, Str+4
                  | Int+2 Stlth-} (You bought it in a shop on level 1 of the
                  | Snake Pit)
 44427 | Snake:1  | Bought a scroll of teleportation for 69 gold pieces
 44475 | Snake:1  | Reached skill level 15 in Armour
 44500 | Snake:1  | Reached skill level 15 in Dodging
 45622 | Snake:2  | Noticed Aizul
 45640 | Snake:2  | Killed Aizul
 45672 | Snake:2  | Noticed Vashnia
 45709 | Snake:2  | Killed Vashnia
 46519 | Snake:3  | Identified the +6 chain mail of Lies {rC++ Str-4 Int+2
                  | SInv}
 46981 | Snake:3  | Found Cempopp's Weapon Shoppe.
 47232 | Snake:4  | Entered Level 4 of the Snake Pit
 47650 | Snake:4  | Reached skill level 10 in Shields
 48693 | Snake:4  | Reached XP level 18. HP: 140/160 MP: 24/24
 49000 | Snake:4  | Got a serpentine rune of Zot
 49682 | Vaults:1 | Entered Level 1 of the Vaults
 51604 | Vaults:2 | Reached skill level 15 in Shields
 51983 | Vaults:1 | Reached skill level 16 in Armour
 52432 | Vaults:2 | Found a staircase to the Crypt.
 52515 | Vaults:2 | Reached XP level 19. HP: 162/167 MP: 25/25
 52727 | Vaults:2 | Reached skill level 17 in Armour
 53941 | Vaults:2 | Cast into level 2 of the Abyss (hell knight)
 54082 | Abyss:3  | Noticed a bone dragon
 54115 | Abyss:3  | Killed a bone dragon
 54253 | Vaults:2 | Escaped the Abyss
 54357 | Vaults:3 | Noticed Jory
 54442 | Vaults:2 | Killed Jory
 54805 | Vaults:3 | Reached skill level 18 in Armour
 54822 | Vaults:3 | Found Asmof's Jewellery Shop.
 54832 | Vaults:3 | Bought the ring of Giep Hutt {rElec Will++ rCorr AC+4
                  | Str-5} for 1016 gold pieces
 55211 | Snake:1  | Bought the ring "Zexanud" {Fly rPois rN+ Dex-3 SInv} for
                  | 340 gold pieces
 56894 | Vaults:4 | Found Fatob's Armour Shoppe.
 56956 | Vaults:4 | Reached skill level 19 in Armour
 57257 | Vaults:4 | Found a large runed translucent door.
 57257 | Vaults:4 | Found a large runed translucent door.
 57257 | Vaults:4 | Found a large runed translucent door.
 57257 | Vaults:4 | Found a large runed translucent door.
 57258 | Vaults:4 | Found a large runed translucent door.
 57258 | Vaults:4 | Found a large runed translucent door.
 57258 | Vaults:4 | Found a large runed translucent door.
 57258 | Vaults:4 | Found a large runed translucent door.
 57258 | Vaults:4 | Noticed heteroy's ghost (veteran GrEE)
 57958 | Vaults:4 | Noticed Sojobo
 58044 | Vaults:3 | Paralysed by an air elemental for 1 turns
 58049 | Vaults:3 | Paralysed by an air elemental for 1 turns
 58052 | Vaults:3 | Paralysed by an air elemental for 1 turns
 58060 | Vaults:3 | Paralysed by an air elemental for 1 turns
 58080 | Vaults:3 | Paralysed by an air elemental for 1 turns
 58086 | Vaults:3 | Paralysed by an air elemental for 1 turns
 58187 | Vaults:3 | Paralysed by an air elemental for 1 turns
 58192 | Vaults:3 | Paralysed by an air elemental for 1 turns
 58196 | Vaults:3 | Paralysed by an air elemental for 1 turns
 58201 | Vaults:3 | Paralysed by an air elemental for 1 turns
 58205 | Vaults:3 | Paralysed by an air elemental for 1 turns
 58248 | Vaults:3 | Killed Sojobo
 58598 | Vaults:4 | Reached skill level 20 in Armour
 58897 | Vaults:4 | Reached XP level 20. HP: 174/174 MP: 26/26
 59041 | Vaults:4 | Killed heteroy's ghost
 59050 | Vaults:4 | Identified the ring "Gimil" {rC+ Int+6 Dex+2}
 59421 | Elf:1    | Entered Level 1 of the Elven Halls
 59950 | Elf:1    | Reached skill level 21 in Armour
 59968 | Elf:1    | Got the Incunabulum of Dark Secrets
 60312 | Elf:1    | Found Sepu's Book Shop.
 60624 | Elf:2    | Found Rorphego's General Store.
 60737 | Elf:2    | Paralysed by an air elemental for 1 turns
 60757 | Elf:2    | Paralysed by an air elemental for 1 turns
 60907 | Elf:2    | Found a runed translucent gate.
 60909 | Elf:2    | Found a runed translucent gate.
 60913 | Elf:2    | Found a runed translucent gate.
 61592 | Elf:2    | Reached skill level 22 in Armour
 61633 | Elf:3    | Entered Level 3 of the Elven Halls
 62572 | Elf:3    | Found the +3 pair of seven-league boots {Rampage+∞}
 62735 | Elf:3    | Identified the ring "Feinutess" {Fly rC- Int+6 Dex+5}
 62971 | Elf:3    | Got the Collected Works on Shifting Displacement
 62975 | Elf:3    | Got the Handbook of Earthen Poison
 63332 | Depths:1 | Entered Level 1 of the Depths
 63335 | Depths:1 | Noticed Bai Suzhen
 63383 | D:15     | Killed Bai Suzhen
 63437 | Depths:1 | Found a gateway to Hell.
 63488 | Depths:1 | Found Onkicoggu's Neck Hole.
 63758 | Depths:1 | Reached XP level 21. HP: 169/181 MP: 28/28
 64107 | Depths:1 | Found Kotife's Weapon Shoppe.
 64107 | Depths:1 | Found Bukoud's Distillery.
 64109 | Depths:1 | Found Peitz's General Store.
 64113 | Depths:1 | Found Zuf Hug's Assorted Antiques.
 64125 | Depths:1 | Bought a bloodstained cloak for 389 gold pieces
 64125 | Depths:1 | Identified the +5 cloak of Dramatic Exits {rElec rN+++
                  | Str+9 Int-3 Slay-3} (You bought it in a shop on level 1 of
                  | the Depths)
 64581 | Depths:1 | Reached skill level 5 in Evocations
 64643 | Depths:2 | Found Wucuis's Book Emporium.
 64680 | Depths:2 | Noticed Asterion
 64704 | Depths:2 | Killed Asterion
 65228 | Depths:2 | Noticed a golden dragon
 65247 | Depths:2 | Killed a golden dragon
 65341 | Depths:2 | Paralysed by a floating eye for 2 turns
 66592 | Depths:2 | Reached skill level 15 in Fighting
 66978 | Depths:2 | Found a one-way gate leading to the halls of Pandemonium.
 67649 | Depths:3 | Identified the +7 arbalest "Said" {penet, +Blink rF+ Str+2
                  | Int-2}
 68365 | Depths:3 | Reached skill level 23 in Armour
 69647 | Depths:3 | Reached XP level 22. HP: 164/193 MP: 29/29
 69834 | Depths:3 | HP: 8/186 [living spell/divine providence[a walking divine
                  | tome] (12)]
 70655 | Depths:3 | Found a one-way gateway to a ziggurat.
 71247 | Depths:3 | Found a one-way gateway to a ziggurat.
 71893 | Depths:4 | Entered Level 4 of the Depths
 72637 | Depths:4 | Gained mutation: You tend to lose your temper in combat. [a
                  | neqoxec]
 72678 | Depths:4 | Lost mutation: You tend to lose your temper in combat.
                  | [potion of mutation]
 72678 | Depths:4 | Gained mutation: Your body sometimes deteriorates upon
                  | taking damage. [potion of mutation]
 72678 | Depths:4 | Gained mutation: You tend to lose your temper in combat.
                  | [potion of mutation]
 72678 | Depths:4 | Gained mutation: You have large cloven feet. [potion of
                  | mutation]
 72679 | Depths:4 | Lost mutation: You have large cloven feet. [potion of
                  | mutation]
 72679 | Depths:4 | Lost mutation: You tend to lose your temper in combat.
                  | [potion of mutation]
 72679 | Depths:4 | Gained mutation: You sometimes lose the ability to read
                  | scrolls when taking damage. [potion of mutation]
 72679 | Depths:4 | Gained mutation: You are partially covered in iridescent
                  | scales. (AC +2) [potion of mutation]
 72679 | Depths:4 | Gained mutation: Your body often deteriorates upon taking
                  | damage. [potion of mutation]
 72679 | Depths:4 | Gained mutation: You have a pair of small horns on your
                  | head. [potion of mutation]
 73961 | Depths:4 | Found a gate to the Realm of Zot.
 74513 | Depths:4 | Found the +6 Majin-Bo {vamp, MP+6 Int+6}
 75024 | Vaults:5 | Entered Level 5 of the Vaults
 75027 | Vaults:5 | Identified the +1 hand crossbow "Navot" {venom, +Blink rC-
                  | rN++ Will+++}
 75476 | Vaults:5 | Identified the +4 short sword "Demonslayer" {drain, Int+5
                  | SInv}
 75946 | Vaults:5 | Identified the +5 falchion "Migum" {holy, rPois}
 76048 | Vaults:5 | Noticed a dread lich
 76064 | Vaults:5 | Killed a dread lich
 76103 | Vaults:5 | HP: 4/196 [titan/the air (32)]
 76104 | Vaults:5 | Slain by a titan

Illustrated notes

Levels and vault maps discovered:
D:1:      noname_arrival_rooms_in_the_neighbourhood, layout_basic,
          serial_rivers, chequers_serial_rivers_micro_c,
          chequers_serial_rivers_room_b, chequers_serial_rivers_large_b,
          chequers_serial_rivers_small_b,
          hellmonk_ecumenical_altar_prayer_group,
          hangedman_decor_clover_reticule
D:2:      layout_basic, uniq_jessica
D:3:      cheibrodos_fertilizer, layout_loops_ring, minmay_checkerbox,
          uniq_natasha
D:4:      layout_rooms, nicolae_overflow_crystal_walls, cheibrodos_worm_habitat
D:5:      kennysheep_steamy, layout_basic, uniq_edmund, uniq_sigmund,
          uniq_blork_the_orc
D:6:      layout_rooms, nzn_wu_jian_contemplation, kennysheep_little_box,
          minmay_temple_entry_statues_pillars, hex_large, glass_columns_a,
          uniq_grinder, uniq_eustachio, uniq_menkaure
D:7:      nicolae_BIG_FREAKIN_CUBE, layout_cave_pools,
          mainiacjoe_overflow_brackets, elyvilon_altar_4,
          mainiacjoe_overflow_alcove_2
D:8:      layout_basic, bloody_makhleb, hellmonk_bongcloud_opening,
          uniq_gastronok, uniq_maurice
D:9:      layout_roguey, mainiacjoe_overflow_surrounded_room,
          nicolae_overflow_hidden_temple, gammafunk_ghost_hive,
          nicolae_elevator_lobby_asterisk
D:10:     layout_gridville, mainiacjoe_overflow_24_doors,
          kennysheep_orc_monster_closet_entryway, serial_shops, shop,
          nicolae_shop_hallway_stairs, minmay_quadrilaterals
D:11:     minmay_cornered_nines, layout_irregular_city, minmay_lair_entry_grove,
          fedhas_altar_2
D:12:     layout_loops_cross, nicolae_wwwww, minmay_statues_item
D:13:     layout_basic, evilmike_butchery
D:14:     layout_roguey, ximxim_vaults_locker_room,
          chequers_serial_rivers_micro_e, portal_ice_cave_entry_ugly_swarm
D:15:     grunt_enter_depths_giant_problem, layout_cave_pods,
          minmay_misc_feat_more_columns, uniq_nessos, uniq_kirke, uniq_azrael
Lair:1:   layout_loops_ring
Lair:2:   layout_layer_cave, serial_bayou_shore_b, uniq_erica
Lair:3:   layout_small_grid, skrybe_swamp_entry_bodies,
          minmay_snake_entry_guardpost_small, st_stairs_7
Lair:4:   layout_small_grid, uniq_rupert, uniq_nergalle
Lair:5:   layout_gridlike, pond
Lair:6:   minmay_lair_end_enchanted_forest, layout_layer_cave, slime_altar_1,
          hangedman_lair_unloving_vines, serial_bayou_pond_c, st_stairs_6
Swamp:1:  layout_falls_marsh, evilmike_swamp_ruin_house_5, uniq_nikola
Swamp:2:  layout_basic_swamp, ebering_ghost_rock_garden,
          evilmike_swamp_ruin_rubble_1, swamp_pool1,
          nicolae_swamp_feature_on_the_river_bank
Swamp:3:  layout_falls_marsh, nicolae_swamp_well_well_well, uniq_mlioglotl
Swamp:4:  swamp_old_school, layout_basic_swamp, swamp_pool1
Snake:1:  layout_onion_interference, serial_shops, bzr_firewalk, shop, shop,
          shop, basic_altar, uniq_donald
Snake:2:  layout_gridlike, uniq_vashnia, uniq_aizul
Snake:3:  layout_misc_corridors, serial_shops, nicolae_shop_behind_doors,
          lemuel_fruit_tree, grunt_megastairs_1
Snake:4:  hellmonk_snake_rune_quicksilver_temple, layout_cave_town,
          grunt_megastairs_4
Orc:1:    layout_diamond_mine
Orc:2:    st_orc_elflike, layout_caves, amcnicky_altar_lugonu_corruption,
          uniq_jorgrun
Elf:1:    eino_elf_arrival_customs, layout_loops_cross, serial_shops,
          nicolae_shop_window_shopping, minmay_elf_necromancy,
          nicolae_concentric_dashed_squares_mild
Elf:2:    elven_hall_of_blades_hangedman_original
          [nicolae_vaults_blade_armed_guards], layout_geoelf_octagon,
          serial_shops, nicolae_shop_trees, feat_on_display
Elf:3:    elf_hall_gauntlet_wide, layout_gridlike, basic_altar
Vaults:1: v_rooms_3, st_cells, nicolae_vaults_alarming,
          nicolae_vaults_network_quincunx
          [nicolae_vaults_network_quincunx_subvault,
          nicolae_vaults_network_quincunx_subvault,
          nicolae_vaults_network_quincunx_subvault,
          nicolae_vaults_network_quincunx_subvault,
          nicolae_vaults_network_quincunx_subvault],
          nicolae_vaults_yaktaur_gun_rack, nicolae_vaults_what_the_h,
          vaults_room_grid, vaults_room_grunt_arrival_ludios,
          ontoclasm_vaults_loading_screen, layout_vaults_omnibox
Vaults:2: v_misc_28, vaults_room_fancy_cross, vaults_room_boxed,
          minmay_crypt_entry_simple_walls, v_rooms_2,
          nicolae_vaults_halls_meeting, grunt_vaults_twisty,
          hangedman_vaults_maws, ontoclasm_vaults_eye, layout_vaults_ring
Vaults:3: nicolae_vaults_quadrants, v_rooms_1, v_misc_11,
          hangedman_vaults_nodes, nicolae_vaults_little_squares_1,
          vaults_room_fours, nicolae_vaults_diagonal_hallway_6,
          layout_vaults_chaotic_city, serial_shops, shop, uniq_jory
Vaults:4: advil_vaults_ghost_lines, nicolae_vaults_little_squares_3,
          dpeg_vaults_waves, vaults_room_fancy_cross, vaults_room_ringed_pool,
          v_misc_14, ontoclasm_vaults_idyll,
          vaults_standard_mumra_enter_the_diamond, ontoclasm_vaults_spin,
          nicolae_vaults_border_crossing, vaults_mumra_minichess, v_misc_31,
          nicolae_vaults_network_star, layout_vaults_maze, serial_shops,
          nicolae_diamond_shop, uniq_sojobo
Vaults:5: serial_shops
Depths:1: layout_honeycomb, abyss_entry, hell_entry,
          nicolae_shop_sticking_my_neck_out, minmay_shoptagon, uniq_bai_suzhen
Depths:2: kennysheep_green_arena, layout_gridlike, serial_shops, shop,
          kennysheep_nub, abyss_entry_flame_altar, rand_demon_pan_entry_4,
          hell_entry, nicolae_dithmenos_shadow_blocks, uniq_asterion
Depths:3: nzn_winding_woodlands_large [nzn_winding_woodlands_5x5_closed_star,
          nzn_winding_woodlands_5x15_default,
          nzn_winding_woodlands_5x5_checkerboard,
          nzn_winding_woodlands_center_pierced_h,
          nzn_winding_woodlands_15x15_boxy_spiral,
          nzn_winding_woodlands_center_triple_pond,
          nzn_winding_woodlands_5x5_cross, nzn_winding_woodlands_5x15_garden,
          nzn_winding_woodlands_5x5_perimeter], layout_gridville,
          enter_ziggurat_d, pf_vacation_house_of_asmodeus, abyss_entry,
          good_gods_mini_temple, kiku_gazebo_pond_becter
Depths:4: grunt_zot_entry_funnels, layout_honeycomb, chequers_decorated_corner,
          grunt_pan_entry_sceptre, hell_entry, evilmike_ruin_ashenzari

Skill      XL: |  1  2  3  4  5  6  7  8  9 10 11 12 13 14 15 16 17 18 19 20 21 22 |
---------------+-------------------------------------------------------------------+-----
Maces & Flails | 1 2 3 4 6 8 9 11 13 15 16 | 16.0
Dodging        | 1 2 3 4 6 8 9 10 11 13 14 15 16 17 | 17.4
Armour         | 2 3 4 6 8 9 10 11 13 14 15 16 20 22 23 | 23.6
Fighting       | 5 6 8 10 12 13 14 15 16 | 16.4
Shields        | 6 12 15 | 15.0
Throwing       | 4 |  4.7
Evocations     | 4 7 9 |  9.7
Stealth        | |  1.0
Spellcasting   | |  1.7
Ice Magic      | |  1.0

Action                   |  1- 3 |  4- 6 |  7- 9 | 10-12 | 13-15 | 16-18 | 19-21 | 22-24 || total
-------------------------+-------+-------+-------+-------+-------+-------+-------+-------++-------
Melee: Dagger            |    20 |       |       |       |       |       |       |       ||    20
       Mace              |    79 |   164 |    42 |       |       |       |       |       ||   285
       Punch             |     1 |     3 |     3 |     1 |     1 |       |       |       ||     9
       Dire flail        |       |       |   223 |   582 |   799 |   854 |       |       ||  2458
       Morningstar       |       |       |       |   315 |  1418 |  1381 |  3194 |   719 ||  7027
       Headbutt          |       |       |       |       |       |       |       |   153 ||   153
Throw: Dart              |     3 |    16 |    39 |   111 |    24 |     5 |     3 |       ||   201
       Boomerang         |       |       |       |       |       |       |     6 |       ||     6
       Javelin           |       |       |       |       |       |       |    10 |       ||    10
 Cast: Freeze            |     2 |       |       |       |       |       |       |       ||     2
Evoke: Wand              |       |     2 |     7 |    11 |    18 |     1 |     1 |     1 ||    41
       Lightning rod     |       |       |       |       |       |       |     4 |     4 ||     8
       Condenser vane    |       |       |       |       |       |       |     3 |     2 ||     5
  Use: Scroll            |       |       |    18 |     6 |    10 |     8 |     7 |     6 ||    55
       Potion            |       |       |     2 |     3 |    11 |     7 |     3 |     7 ||    33
 Stab: Distracted        |       |       |     1 |     1 |       |       |     1 |       ||     3
       Sleeping          |       |       |       |     2 |     1 |       |       |       ||     3
       Invisible         |       |       |       |       |     6 |       |       |       ||     6
       Confused          |       |       |       |       |       |       |     4 |       ||     4
Armor: Leather armour    |    31 |       |    46 |    51 |       |       |       |       ||   128
       Scale mail        |    14 |    81 |    32 |       |    22 |       |       |       ||   149
       Robe              |     9 |       |    10 |       |       |       |       |       ||    19
       Steam dragon scal |       |       |       |    61 |       |       |       |       ||    61
       Skin              |       |       |       |     6 |       |       |       |       ||     6
       Chain mail        |       |       |       |   219 |   371 |       |       |       ||   590
       Swamp dragon scal |       |       |       |       |   175 |       |       |       ||   175
       Ring mail         |       |       |       |       |    14 |   190 |       |       ||   204
       Plate armour      |       |       |       |       |       |   414 |  1004 |       ||  1418
       Gold dragon scale |       |       |       |       |       |       |   244 |   293 ||   537
Dodge: Dodged            |    64 |    87 |   136 |   553 |  1058 |  1525 |  1369 |   297 ||  5089
Block: Buckler           |       |       |       |   187 |   924 |       |       |       ||  1111
       Reflection        |       |       |       |     6 |    14 |   163 |    14 |     3 ||   200
       Other             |       |       |       |       |   110 |   132 |       |       ||   242
       Kite shield       |       |       |       |       |       |  1291 |  2181 |   615 ||  4087
